 Dungeon Crawl Stone Soup version 0.31.0-12-g77e489cdc1 (webtiles) character file.

Game seed: 14494005652682335429

2 H0rd4k the Charlatan (level 1, 0/13 HPs)
             Began as an Octopode Artificer on Mar 7, 2024.
             Slain by a bat (1 damage)
             ... on level 1 of the Dungeon.
             The game lasted 00:00:14 (34 turns).

H0rd4k the Charlatan (Octopode Artificer)             Turns: 34, Time: 00:00:15

Health: 0/13       AC:  1    Str: 11    XL:     1   Next: 30%
Magic:  1/1        EV: 13    Int: 13    God:
Gold:   0          SH:  0    Dex: 12    Spells: 0/0 levels left

rFire   . . .        (no weapon)
rCold   . . .        (no shield)
rNeg    . . .        (helmet restricted)
rPois   .            (no amulet)
rElec   .            (no ring)
rCorr   .            (no ring)
SInv    .            (no ring)
Will    .....        (no ring)
Stlth   +++          (no ring)
HPRegen 0.22/turn    (no ring)
MPRegen 0.07/turn    (no ring)
                     (no ring)

%: no passive effects
@: no status effects
A: almost no armour, amphibious, 8 rings, camouflage 1, gelatinous body 1,
(nimble swimmer 1), tentacles
a: no special abilities


You were on level 1 of the Dungeon.
You visited 1 branch of the dungeon, and saw 1 of its levels.

Inventory:

Wands
 b - a wand of flame (15) (quivered)
 c - a wand of charming (15)
 d - a wand of iceblast (5)


   Skills:
 + Level 1.0 Fighting
 + Level 2.3 Dodging
 + Level 1.3 Stealth
 + Level 3.4 Evocations


You couldn't memorise any spells.
You didn't know any spells.
Your spell library was empty.

Dungeon Overview and Level Annotations

Branches:
Dungeon (1/15)

Altars:


Innate Abilities, Weirdness & Mutations

You cannot wear most types of armour.
You are amphibious.
You can wear up to eight rings at the same time.
Your skin changes colour to match your surroundings (Stealth+).
Your rubbery body absorbs attacks. (AC +1, EV +1)
((You are camouflaged when in or above water. (Stealth+)))
You have tentacles for arms and can constrict up to eight enemies at once.


Message History

There are monsters nearby!
The bat hits you.
You closely miss the bat. Your grab misses the bat. The bat misses you.
A bat comes into view.
The bat moves out of view.
The bat closely misses you.
You miss the bat. You grab the bat. You constrict the bat. The bat hits you.
The bat struggles to escape constriction.
The kobold throws a stone.
The stone hits you.
The bat escapes!
There are monsters nearby!
You are too injured to fight recklessly!
There are monsters nearby!
You are too injured to fight recklessly!
The bat hits you. The bat barely misses you. The bat closely misses you.
The bat barely misses you.
You tentacle-slap the bat but do no damage.
Your grab misses the bat. Your squeeze misses the bat.
The bat closely misses you. The bat barely misses you. The bat misses you.
You tentacle-slap the bat. Your grab misses the bat.
Your squeeze misses the bat.
The bat is severely wounded.
The bat barely misses you. The bat closely misses you.
The bat barely misses you. The bat hits you.
You barely miss the bat. You grab the bat. You squeeze the bat.
You kill the bat!
The bat barely misses you.
You barely miss the bat. Your grab misses the bat.
The bat is heavily wounded.
The bat hits you.
You barely miss the hobgoblin. You grab the hobgoblin.
You constrict the hobgoblin. The hobgoblin hits you.
* * * LOW HITPOINT WARNING * * *
You tentacle-slap the hobgoblin.
The hobgoblin is heavily wounded.
You constrict the hobgoblin. The hobgoblin barely misses you.
You tentacle-slap the hobgoblin.
You kill the hobgoblin!
The bat hits you.
You die...

#.........# .........#
.........# ###+##
........##.. #.8.8.#
#.........r.
#.....######..#........
#.....#.>.†#K..........
#.8.8.#...@br.##.......
#.....######...#.......
##.....########.......?.
+..8.8..'........##....
##.....########..# ..
#8.....8# #†..#
#...<...# #...#
######### #...# ....#


You could see a bat, a kobold and a rat.

Vanquished Creatures
  2 hobgoblins (D:1)
  A bat (D:1)
3 creatures vanquished.

Notes
Turn   | Place    | Note
-------+----------+-------------------------------------------
     0 | D:1      | H0rd4k the Octopode Artificer began the quest for the Orb.
     0 | D:1      | Reached XP level 1. HP: 13/13 MP: 1/1
    34 | D:1      | Slain by a bat

Illustrated notes

Levels and vault maps discovered:
D:1:      elethiomel_arrival_quiet, layout_rooms, serial_shops,
          nicolae_shop_hallway_stairs, ebering_ecumenical_altar_sacrificial,
          minmay_pentomino_q2

Action                     || total
---------------------------++-------
  Melee: Unarmed           ||    14
         Constrict         ||     4
         Tentacles         ||     2
   Stab: Sleeping          ||     1
 Armour: Skin              ||    10
  Dodge: Dodged            ||    16
